 Dungeon Crawl Stone Soup version 0.28-a0-957-g42eb19b844 (webtiles) character file.

Game seed: 16429142813279640285

44 Redcow54321 the Chopper (level 3, -12/31 HPs)
             Began as a Minotaur Fighter on Nov 30, 2021.
             Mangled by a small abomination (18 damage)
             ... on level 3 of the Dungeon.
             The game lasted 00:01:33 (1234 turns).

Redcow54321 the Chopper (Minotaur Fighter)          Turns: 1234, Time: 00:01:39

Health: -12/31     AC:  6    Str: 22    XL:     3   Next: 41%
Magic:  2/2        EV:  9    Int:  5    God:
Gold:   21         SH:  4    Dex:  9    Spells: 2/2 levels left

rFire   . . .      SeeInvis .   e - +0 hand axe
rCold   . . .      Faith    .   c - +0 buckler
rNeg    . . .      Spirit   .   b - +0 scale mail
rPois   .          Reflect  .   (helmet restricted)
rElec   .          Harm     .   (no cloak)
rCorr   .          Rampage  .   (no gloves)
Will    .....                   (no boots)
Stlth   ..........              (no amulet)
HPRegen 0.10/turn               (no ring)
MPRegen 0.08/turn               (no ring)

@: no status effects
A: horns 2, retaliatory headbutt
a: no special abilities


You were on level 3 of the Dungeon.
You visited 1 branch of the dungeon, and saw 3 of its levels.

You collected 21 gold pieces.

Inventory:

Hand Weapons
 a - a +0 war axe
 e - a +0 hand axe (weapon)
Armour
 b - a +0 scale mail (worn)
 c - a +0 buckler (worn)
Scrolls
 f - a scroll of teleportation {unknown}
 i - 2 scrolls of identify {unknown}
Potions
 d - a potion of might
 g - a potion of mutation {unknown}
 h - a potion of lignification {unknown}
 j - a potion of haste {unknown}
 k - a potion of heal wounds {unknown}


   Skills:
 - Level 3.6 Fighting
 * Level 4.6 Axes
 - Level 3.6 Armour
 + Level 0.2 Dodging
 - Level 3.6 Shields


You had 2 spell levels left.
You didn't know any spells.
Your spell library was empty.

Dungeon Overview and Level Annotations

Branches:
Dungeon (3/15)

Altars:

Portals:
Abyss: D:3

Annotations:
D:3 1 transporter, greenreed's ghost, weakling GnFE


Innate Abilities, Weirdness & Mutations

You have a pair of horns on your head.
You reflexively headbutt those who attack you in melee.


Message History

An adder comes into view.
The adder hisses angrily.
The kobold throws a stone.
The stone barely misses you.
Found a one-way gate to the infinite horrors of the Abyss.
Greenreed's ghost turns its malevolent gaze towards you.
Greenreed's ghost whispers, "The ORB doesn't exist."
There is a transporter here.
You barely miss the adder. You headbutt the adder.
The adder is heavily wounded.
You block the adder's attack.
The kobold brigand shouts!
You slash the adder!
You kill the adder!
You closely miss the kobold. Your headbutt misses the kobold.
The kobold hits you with a +2 dagger of holy wrath.
You slash the kobold!
You kill the kobold!
Greenreed's ghost says, "Would you like to be cremated?"
No reachable target in view!
No reachable target in view!
You enter the transporter and appear at another place.
A small abomination comes into view.
The small abomination hits you!
You slash the small abomination!
The small abomination is moderately damaged.
The small abomination hits you.
You slash the small abomination!
Your headbutt misses the small abomination.
The small abomination is heavily damaged.
The small abomination hits you.
You are too injured to fight recklessly!
You are too injured to fight recklessly!
You hit the small abomination.
Your headbutt misses the small abomination.
The small abomination is severely damaged.
The small abomination hits you!
* * * LOW HITPOINT WARNING * * *
The small abomination hits you!!
Ouch! That really hurt!
You die...

#∩##.##........####.#
..#.# .#.........#
..#...##..###....#
##.#.#..##5##...#
##....##.##.###..#
#.##^ ###.#.##..#
#..#. ...#.##...#
#...##..##!#....# #
#.x@# #.#....#<#
##©####.##.....#
###..###.....#....
.............#####
..............#
#########.###### #.#
#.# #.#


You could see a small abomination.

Vanquished Creatures
  2 adders
  A worm (D:2)
  A dart slug (D:2)
  An endoplasm (D:1)
  2 giant cockroaches (D:1)
  A goblin (D:2)
  A hobgoblin (D:1)
  4 ball pythons
  2 bats
  5 frilled lizards
  2 kobolds
  5 rats
27 creatures vanquished.

Notes
Turn   | Place    | Note
-------+----------+-------------------------------------------
     0 | D:1      | Redcow54321 the Minotaur Fighter began the quest for the
                  | Orb.
     0 | D:1      | Reached XP level 1. HP: 19/19 MP: 0/0
   265 | D:1      | Reached skill level 3 in Axes
   337 | D:1      | Found a faded altar of an unknown god.
   371 | D:1      | Reached XP level 2. HP: 26/26 MP: 1/1
   829 | D:2      | Reached skill level 4 in Axes
   877 | D:2      | Reached XP level 3. HP: 31/31 MP: 2/2
  1045 | D:2      | You fall into a shaft and drop 1 floor!
  1205 | D:3      | Found a transporter.
  1217 | D:3      | Found a transporter.
  1224 | D:3      | Found a one-way gate to the infinite horrors of the Abyss.
  1224 | D:3      | Noticed greenreed's ghost (weakling GnFE)
  1225 | D:3      | Noticed a kobold brigand
  1229 | D:3      | Noticed a small abomination
  1234 | D:3      | Mangled by a small abomination

Illustrated notes

Levels and vault maps discovered:
D:1:      elethiomel_arrival_infinity_welcomes_careful_drivers, layout_basic,
          hellmonk_ecumenical_altar_pennies_from_heaven, supply_closet_lemuel
D:2:      layout_loops_ring, st_stairs_12, grunt_ministairs_9
D:3:      layout_loops_corners, gammafunk_ghost_abyssal_escape,
          serial_bayou_lake_a

Skill      XL: |  1  2 |
---------------+-------+-----
Axes           | 3 4 |  4.6
Fighting       | |  3.6
Armour         | |  3.6
Dodging        | |  0.2
Shields        | |  3.6

Action                   || total
-------------------------++-------
Melee: Hand axe          ||    61
       Headbutt          ||     7
Armor: Scale mail        ||    23
Dodge: Dodged            ||    27
Block: Buckler           ||     9

Table legend: (Time is in decaauts)
 A = Elapsed time spent in this place.
 B = Non-inter-level travel time spent in this place.
 C = Inter-level travel time spent in this place.
 D = Time resting spent in this place.
 E = Time spent auto-exploring this place.
 F = Levels seen in this place.
 G = Mean time per level.
                   A        B        C        D        E       F      G
               +--------+--------+--------+--------+--------+-----+--------+
         Total |   1244 |   1244 |      0 |      0 |   1066 |   3 |  414.7 |
       Dungeon |   1244 |   1244 |      0 |      0 |   1066 |   3 |  414.7 |
               +--------+--------+--------+--------+--------+-----+--------+

Top non-repeatable levels by time:
     D:1: 742 daAuts
     D:2: 311 daAuts
     D:3: 189 daAuts
